 Dungeon Crawl Stone Soup version 0.27-a0-522-g46bbb28828 (webtiles) character file.

Game seed: 8697031092374821911

100 jasper the Vexing (level 4, -1/33 HPs)
             Began as a Demonspawn Arcane Marksman on Mar 4, 2021.
             Slain by Grinder (5 damage)
             ... on level 3 of the Dungeon.
             The game lasted 00:04:13 (3144 turns).

jasper the Vexing (Demonspawn Arcane Marksman)      Turns: 3144, Time: 00:04:13

Health: -1/33      AC: 11    Str:  8 (11) XL:     4   Next: 47%
Magic:  5/5        EV: 10    Int: 11 (14) God:
Gold:   66         SH:  0    Dex: 12 (14) Spells: 4/5 levels left

rFire    . . .     SeeInvis .   j - +0 dagger (speed)
rCold    . . .     Faith    .   (no shield)
rNeg     . . .     Spirit   .   h - +0 ring mail
rPois    .         Reflect  .   (no helmet)
rElec    .         Harm     .   (no cloak)
rCorr    .         Rampage  .   (no gloves)
Will     .....                  (no boots)
Stlth    +.........             (no amulet)
HPRegen  0.11/turn              n - +4 ring of slaying
MPRegen  0.09/turn              (no ring)

@: sanguine armoured, very slightly contaminated, invisible
A: sanguine armour 1
a: no special abilities


You were on level 3 of the Dungeon.
You visited 1 branch of the dungeon, and saw 3 of its levels.

You collected 66 gold pieces.

Inventory:

Hand Weapons
 f - a +0 short sword
 j - a +0 dagger of speed (weapon)
Missiles
 b - 92 stones (quivered)
 g - 18 poisoned darts
Armour
 a - a +0 robe
 h - a +0 ring mail (worn)
Jewellery
 n - a +4 ring of slaying (left hand)
Scrolls
 c - a scroll of immolation {unknown}
 e - 4 scrolls of identify {unknown}
 l - a scroll of teleportation {unknown}
 m - a scroll of noise {unknown}
 o - a scroll of enchant weapon {unknown}


   Skills:
 + Level 1.9 Fighting
 * Level 3.0 Throwing
 + Level 1.3 Armour
 + Level 2.4 Dodging
 - Level 0.6 Unarmed Combat
 - Level 1.0 Spellcasting
 - Level 3.0 Hexes


You had 4 spell levels left.
You knew the following spells:

 Your Spells              Type           Power        Failure   Level
a - Corona                Hex            7%           28%         1

Your spell library contained the following spells:

 Spells                   Type           Power        Failure   Level
 Slow                     Hex            7%           38%         2
 Inner Flame              Hex/Fire       3%           83%         3
 Portal Projectile        Hex/Tloc       6%           83%         3
 Cause Fear               Hex            3%           95%         4
 Leda's Liquefaction      Hex/Erth       1%           99%         4


Dungeon Overview and Level Annotations

Branches:
Dungeon (3/15)

Altars:

Annotations:
D:2 1 runed translucent door, Crazy Yiuf
D:3 Grinder


Innate Abilities, Weirdness & Mutations

When seriously injured, your bleeding wounds create armour. (AC +6)


Message History

A giant cockroach comes into view.
Throw: 96 stones
Press: ? - help, Q - select action, (/) - cycle Shift-Dir - straight line, f/p - Grinder
Aim: Grinder (lightly wounded, 61% to hit)
You throw a stone. The stone hits Grinder.
Grinder is moderately wounded.
Grinder hits you.
You writhe in agony.
You take 6 damage, and have 14/33 hp.
Throw: 95 stones
Press: ? - help, Q - select action, (/) - cycle Shift-Dir - straight line, f/p - Grinder
Aim: Grinder (moderately wounded, 61% to hit)
You throw a stone. The stone hits Grinder!
Grinder is heavily wounded.
Grinder hits you but does no damage.
Throw: 94 stones
Press: ? - help, Q - select action, (/) - cycle Shift-Dir - straight line, f/p - Grinder
Aim: Grinder (heavily wounded, 61% to hit)
You throw a stone. The stone hits Grinder.
Grinder is heavily wounded.
Grinder grins, showing sharp teeth.
Grinder misses you.
Throw: 93 stones
Press: ? - help, Q - select action, (/) - cycle Shift-Dir - straight line, f/p - Grinder
Aim: Grinder (heavily wounded, 61% to hit)
You throw a stone. The stone barely misses Grinder.
Grinder hits you!
* * * LOW HITPOINT WARNING * * *
You take 7 damage, and have 7/33 hp.
MASSIVE DAMAGE!!
It was a potion of invisibility.
You fade into invisibility!
Grinder completely misses you.
You are very lightly contaminated with residual magic.
It was a potion of degeneration.
There was something very wrong with that liquid.
You feel weakened.
You feel dopey.
You feel clumsy.
Grinder says, "Mostly I couldn't keep them alive."
Grinder hits you.
* * * LOW HITPOINT WARNING * * *
You writhe in agony.
You die...

...:..........(...
...................
..................
#................
#................
#.......(........
##.....(..........
#.................
#.........@5.....(
#####.#........B....##
#.......##.########.#
#.......##.# #
#.......##.######
#...............#
#####.#....####.#
#.........#.#
#.......#.#.#


You could see Grinder and a giant cockroach.

Vanquished Creatures
  A jelly (D:2)
  2 adders (D:2)
  A worm (D:2)
  A dart slug (D:2)
  6 bats
  2 giant cockroaches (D:1)
  7 goblins
  3 hobgoblins
  7 jackals (D:1)
  3 frilled lizards
  8 kobolds
  5 rats
46 creatures vanquished.

Notes
Turn   | Place    | Note
-------+----------+-------------------------------------------
     0 | D:1      | jasper the Demonspawn Arcane Marksman began the quest for
                  | the Orb.
     0 | D:1      | Reached XP level 1. HP: 15/15 MP: 2/2
   549 | D:1      | Gained mutation: When seriously injured, your bleeding
                  | wounds create armour. (AC +6) [demonic ancestry]
   549 | D:1      | Reached XP level 2. HP: 20/21 MP: 3/3
  1907 | D:1      | Reached XP level 3. HP: 21/26 MP: 4/4
  2182 | D:2      | Reached skill level 1 in Armour
  2182 | D:2      | Reached XP level 4. HP: 33/33 MP: 5/5
  2960 | D:2      | Found a runed translucent door.
  2961 | D:2      | Noticed Crazy Yiuf
  3118 | D:3      | Noticed Grinder
  3144 | D:3      | Slain by Grinder

Illustrated notes

Levels and vault maps discovered:
D:1:      wander_arrival_desolate, layout_loops_corners
D:2:      layout_rooms, uniq_crazy_yiuf_cottage
D:3:      layout_basic, grunt_decor_fettered, minmay_misc_feat_rows,
          uniq_grinder

Skill      XL: |  1  2  3  4 |
---------------+-------------+-----
Throwing       | 2 3 |  3.0
Dodging        | 2 |  2.4
Armour         | 1 |  1.3
Fighting       | |  1.9
Unarmed Combat | |  0.6
Spellcasting   | |  1.0
Hexes          | |  3.0

Action                   |  1- 3 |  4- 6 || total
-------------------------+-------+-------++-------
Melee: Short sword       |    20 |    13 ||    33
       Unarmed           |     3 |       ||     3
       Dagger            |       |    18 ||    18
Throw: Stone             |   157 |    85 ||   242
       Javelin           |    19 |     6 ||    25
       Throwing net      |       |     4 ||     4
 Cast: Corona            |     2 |       ||     2
  Use: Potion            |       |     2 ||     2
 Stab: Held in net/web   |       |     1 ||     1
Armor: Robe              |    55 |       ||    55
       Ring mail         |       |    18 ||    18
Dodge: Dodged            |   127 |    23 ||   150

Table legend: (Time is in decaauts)
 A = Elapsed time spent in this place.
 B = Non-inter-level travel time spent in this place.
 C = Inter-level travel time spent in this place.
 D = Time resting spent in this place.
 E = Time spent auto-exploring this place.
 F = Levels seen in this place.
 G = Mean time per level.
                   A        B        C        D        E       F      G
               +--------+--------+--------+--------+--------+-----+--------+
         Total |   3142 |   3092 |     50 |    153 |   2424 |   3 | 1047.3 |
       Dungeon |   3142 |   3092 |     50 |    153 |   2424 |   3 | 1047.3 |
               +--------+--------+--------+--------+--------+-----+--------+

Top non-repeatable levels by time:
     D:1: 2149 daAuts
     D:2: 926 daAuts
     D:3: 66 daAuts
